 Dungeon Crawl Stone Soup version 0.31.0-1-g2c135a0 (webtiles) character file.

Game seed: 8683004900312726503

5924 mezmerelda the Cleaver (level 10, 0/93 HPs)
             Began as a Hill Orc Fighter on Jan 25, 2024.
             Was an Elder of Beogh.
             Slain by Erica
             ... wielding a +4 scimitar of flaming
              (15 damage)
             ... on level 10 of the Dungeon on Feb 7, 2024.
             The game lasted 00:27:44 (9148 turns).

mezmerelda the Cleaver (Hill Orc Fighter)           Turns: 9148, Time: 00:27:45

Health: 0/93       AC: 10    Str: 22    XL:     10   Next: 83%
Magic:  10/10      EV:  7    Int: 17    God:    Beogh [****..]
Gold:   484        SH: 10    Dex: 15    Spells: 9/9 levels left

rFire   . . .        a - +0 war axe
rCold   . . .        H - +0 kite shield
rNeg    . . .        C - +0 leather armour {rPois}
rPois   +            r - +1 helmet
rElec   .            (no cloak)
rCorr   .            z - +1 pair of gloves
SInv    .            B - +0 pair of boots
Will    .....        (no amulet)
Stlth   +            q - +6 ring of intelligence
HPRegen 0.35/turn    y - ring of Dawn {Fly Int+3 Dex+3}
MPRegen 0.12/turn

%: no passive effects
@: flying, constricted, invisible
A: no striking features
a: Renounce Religion, Smiting, Recall Orcish Followers


You were on level 10 of the Dungeon.
You worshipped Beogh.
Beogh was greatly pleased with you.
You visited 3 branches of the dungeon, and saw 12 of its levels.

You collected 484 gold pieces.

Inventory:

Hand Weapons
 a - a +0 war axe (weapon)
 b - a +1 mace of protection
 J - a +3 battleaxe
Armour
 r - a +1 helmet (worn)
 z - a +1 pair of gloves (worn)
 B - a +0 pair of boots (worn)
 C - a +0 leather armour of poison resistance (worn)
 H - a +0 kite shield (worn)
Jewellery
 q - a +6 ring of intelligence (left hand)
 v - a +6 ring of dexterity
 y - the ring of Dawn (right hand) {Fly Int+3 Dex+3}
   (You found it on level 5 of the Dungeon)

   [ring of flight]

   Int+3:     It affects your intelligence (+3).
   Dex+3:     It affects your dexterity (+3).
   Fly:       It grants you flight.
Wands
 c - a wand of polymorph (2)
 p - a wand of digging (6)
 w - a wand of acid (12)
 F - a wand of flame (26)
 K - a wand of roots (3)
Scrolls
 d - 4 scrolls of fog {unknown}
 h - 2 scrolls of poison {unknown}
 j - 8 scrolls of identify
 k - 5 scrolls of immolation
 l - a scroll of summoning {unknown}
 m - 3 scrolls of vulnerability {unknown}
 n - 2 scrolls of acquirement {unknown}
 s - 5 scrolls of teleportation {unknown}
 t - 2 scrolls of brand weapon {unknown}
 u - 2 scrolls of enchant armour {unknown}
 x - a scroll of torment {unknown}
 A - a scroll of noise {unknown}
 D - a scroll of fear {unknown}
 G - a scroll of blinking {unknown}
 I - a scroll of revelation {unknown}
Potions
 e - 2 potions of attraction
 f - a potion of lignification
 g - 7 potions of curing
 i - 3 potions of mutation
 o - 2 potions of enlightenment


   Skills:
 - Level 10.0 Fighting
 - Level 14.0 Axes
 + Level 9.1 Armour
 - Level 6.0 Shields


You had 9 spell levels left.
You didn't know any spells.
Your spell library contained the following spells:

 Spells                   Type           Power      Damage    Failure   Level
 Sandblast                Erth           0%         2d4       50%         1
 Shock                    Conj/Air       0%         1d3       50%         1
 Passwall                 Erth           0%         N/A       86%         3
 Stone Arrow              Conj/Erth      0%         3d7       86%         3
 Swiftness                Air            0%         N/A       86%         3
 Tukima's Dance           Hex            0%         N/A       86%         3
 Volatile Blastmotes      Fire/Tloc      0%         2d10      86%         3
 Airstrike                Air            0%         2d(0-16)  99%         4
 Animate Dead             Necr           0%         N/A       99%         4
 Brom's Barrelling Bould  Conj/Erth      0%         2d3       99%         4
 Fulminant Prism          Conj/Alch      0%         3d5       99%         4
 Iskenderun's Mystic Bla  Conj/Tloc      0%         2d3       99%         4
 Passage of Golubria      Tloc           0%         N/A       99%         4
 Borgnjor's Vile Clutch   Necr/Erth      0%         N/A       100%        5
 Yara's Violent Unravell  Hex/Alch       0%         3d3       100%        5
 Death Channel            Necr           0%         N/A       100%        6


Dungeon Overview and Level Annotations

Branches:
Dungeon (10/15)            Temple (1/1) D:4            Lair (1/5) D:8
    Orc: D:9-12

Altars:
Ashenzari
Cheibriados
Dithmenos
Elyvilon
Fedhas
Gozag
Hepliaklqana
Kikubaaqudgha
Makhleb
Nemelex Xobeh
Okawaru
Qazlal
Ru
Sif Muna
Trog
Uskayaw
Vehumet
Wu Jian
Xom
Yredelemnul
Zin
The Shining One

Shops:
D:6 :

Annotations:
D:7 3 runed translucent doors, Ubbricas's ghost, novice OpRe
D:10 1 runed translucent door, Erica; cowcow's ghost, journeyman DsWn


Message History

Cowcow's ghost shouts, "They lied to you.
The Dungeon just goes down and down forever."
You see here a +0 leather armour.
Found a stone staircase leading up.
There is a stone staircase leading up here.
You reach down and open the door.
There is an open door here.
You reach down and open the door.
There is an open door here.
Erica the Fiery-Tempered comes into view.
She is wielding a +4 scimitar of flaming and wearing an amulet of reflection.
You see here 16 gold pieces.
You now have 484 gold pieces (gained 16).
Erica shouts!
You closely miss Erica.
Erica hits you with a +4 scimitar of flaming!
Erica burns you. Erica grabs you. Erica constricts you.
You completely miss Erica. You block Erica's attack. Erica constricts you.
You completely miss Erica.
Erica hits you with a +4 scimitar of flaming.
Erica burns you. Erica constricts you.
You barely miss Erica. Erica hits you but does no damage. Erica constricts you.
Erica blocks your attack.
Erica hits you with a +4 scimitar of flaming!
Erica burns you. Erica constricts you.
You slash Erica!
Erica is moderately wounded.
Erica hits you with a +4 scimitar of flaming!
Erica burns you. Erica constricts you.
You closely miss Erica.
Erica is moderately wounded.
Erica hits you with a +4 scimitar of flaming!
* * * LOW HITPOINT WARNING * * *
Erica burns you.
* * * LOW HITPOINT WARNING * * *
Erica constricts you.
* * * LOW HITPOINT WARNING * * *
Okay, then.
You fade into invisibility!
Erica hits you with a +4 scimitar of flaming!
You die...
Erica begins burbling mirthfully and uncontrollably.

##########
.....^..#
.....#.# .
#.#.#.### ..
#.......
#.###...#x#
#.......@.#
.####.....##
.../.....##
#######.##
#.# #§§§#
#.# #§yW#
##'## ##+###
##...##
#....#
##.....##
#....#


You could see Erica (unable to see you, reflecting).

Vanquished Creatures
  Pikel (D:6)
  Jeremiah (D:8)
  6 yaks (D:10)
  A steam dragon (D:7)
  Menkaure (D:6)
  3 water moccasins
  A sky beast (D:6)
  2 ice beasts (D:5)
  2 black bears
  A centaur (D:9)
  2 phantoms (D:4)
  A kobold brigand (D:8)
  3 lemures (D:6)
  2 bullfrogs
  2 scorpions (D:5)
  3 wights (D:10)
  3 jellies
  18 killer bees
  4 howler monkeys
  4 hounds
  6 orc priests
  3 sleepcaps
  5 iguanas
  9 orc wizards
  12 gnolls
  6 adders
  3 white imps
  2 ufetubi (D:6)
  4 dart slugs
  5 ribbon worms
  25 orcs
  7 ball pythons
  6 endoplasms
  5 giant cockroaches
  11 goblins
  9 hobgoblins
  2 jackals (D:1)
  8 kobolds
  4 quokkas
  4 bats
  6 frilled lizards
  4 rats
207 creatures vanquished.

Vanquished Creatures (collateral kills)
  Maggie (D:8)
  A wyvern (D:8)
  A water moccasin (D:8)
  An orc warrior (D:8)
  2 wolves (D:8)
  A bullfrog (D:8)
  2 killer bees
  A bombardier beetle (D:8)
  An orc wizard (D:8)
  3 orcs (D:8)
  4 kobolds (D:8)
18 creatures vanquished.

Vanquished Creatures (others)
  2 orc warriors (D:9)
  3 orc priests (D:8)
  4 orcs
9 creatures vanquished.

Grand Total: 234 creatures vanquished

Notes
Turn   | Place    | Note
-------+----------+-------------------------------------------
     0 | D:1      | mezmerelda the Hill Orc Fighter began the quest for the
                  | Orb.
     0 | D:1      | Reached XP level 1. HP: 19/19 MP: 1/1
   245 | D:1      | Reached XP level 2. HP: 22/27 MP: 2/2
   276 | D:1      | Reached skill level 3 in Axes
   547 | D:1      | Reached XP level 3. HP: 32/33 MP: 3/3
   956 | D:1      | Reached XP level 4. HP: 38/40 MP: 4/4
  1154 | D:4      | Noticed a phantom
  1170 | D:3      | Reached skill level 4 in Axes
  1170 | D:3      | Reached XP level 5. HP: 6/47 MP: 5/5
  1388 | D:3      | Became a worshipper of Beogh the Brigand
  2454 | D:3      | Reached skill level 5 in Fighting
  2471 | D:3      | Reached * piety under Beogh
  2706 | D:4      | Reached skill level 5 in Axes
  2706 | D:4      | Reached XP level 6. HP: 42/56 MP: 6/6
  2847 | D:4      | Reached skill level 6 in Axes
  2951 | D:4      | Reached XP level 7. HP: 64/64 MP: 7/7
  3125 | D:4      | Found a staircase to the Ecumenical Temple.
  3136 | Temple   | Entered the Ecumenical Temple
  3263 | D:5      | Entered Level 5 of the Dungeon
  3370 | D:5      | Reached ** piety under Beogh
  3403 | D:5      | Reached skill level 7 in Axes
  3483 | D:5      | Reached XP level 8. HP: 74/74 MP: 8/8
  3506 | D:5      | Reached skill level 8 in Axes
  3855 | D:5      | Identified the ring of Dawn {Fly Int+3 Dex+3}
  4273 | D:6      | Noticed Pikel
  4292 | D:6      | Reached skill level 9 in Axes
  4707 | D:6      | Reached skill level 5 in Armour
  4707 | D:6      | Reached skill level 5 in Shields
  4750 | D:6      | Reached XP level 9. HP: 12/83 MP: 9/9
  4998 | D:6      | Found Asesaelei's Vocational Training.
  5036 | D:6      | Noticed Menkaure
  5058 | D:6      | Killed Menkaure
  5158 | D:6      | Found a stormy altar of Qazlal.
  5305 | D:6      | Killed Pikel
  5608 | D:7      | Reached skill level 10 in Axes
  5625 | D:6      | Reached skill level 10 in Fighting
  6004 | D:7      | Found a runed translucent gate.
  6498 | D:7      | Found a runed translucent gate.
  6499 | D:7      | Found a runed translucent gate.
  6499 | D:7      | Noticed Ubbricas's ghost (novice OpRe)
  6540 | D:8      | Reached skill level 11 in Axes
  6548 | D:8      | Reached *** piety under Beogh
  6651 | D:8      | Found a glowing silver altar of Zin.
  6655 | D:8      | Found a shimmering blue altar of Sif Muna.
  6751 | D:8      | Reached skill level 12 in Axes
  6777 | D:8      | Reached XP level 10. HP: 92/93 MP: 10/10
  6840 | D:8      | Noticed Jeremiah
  6853 | D:8      | Killed Jeremiah
  6854 | D:8      | Reached skill level 13 in Axes
  6917 | D:8      | Noticed Maggie
  6923 | D:8      | Killed Maggie
  6982 | D:8      | Found a hide-covered altar of Uskayaw.
  7026 | D:8      | Found a staircase to the Lair.
  7052 | Lair:1   | Entered Level 1 of the Lair of Beasts
  7052 | Lair:1   | Noticed a cane toad
  7052 | Lair:1   | Noticed a black mamba
  7163 | D:8      | Found a snail-covered altar of Cheibriados.
  7334 | D:9      | Found a transporter.
  7428 | D:9      | Reached skill level 14 in Axes
  7636 | D:9      | Found a transporter.
  7642 | D:9      | Found a transporter.
  8129 | D:9      | Found a transporter.
  8162 | D:10     | Entered Level 10 of the Dungeon
  8226 | D:10     | Reached **** piety under Beogh
  9073 | D:10     | Found a runed translucent door.
  9073 | D:10     | Noticed cowcow's ghost (journeyman DsWn)
  9073 | D:10     | Noticed a meliai
  9137 | D:10     | Noticed Erica
  9148 | D:10     | Slain by Erica

Illustrated notes

Levels and vault maps discovered:
D:1:      lightli_arrival_flooded_house, layout_loops_corners
D:2:      layout_rooms, serial_co_window_serial, co_window_corner_a,
          co_window_paths_b, co_window_paths_b, co_window_corner_a,
          co_window_paths_b, co_window_corner_b, co_window_unsneaky_path_d,
          co_window_unsneaky_path_b, co_window_sun, glass_columns_a,
          glass_columns_b, glass_columns_a, minmay_tree_intersection
D:3:      layout_basic
D:4:      cheibrodos_helix_gallery, layout_basic, minmay_temple_entry_crystal_x
D:5:      layout_basic
D:6:      layout_basic, mainiacjoe_overflow_alcove_2, nicolae_shop_vocational,
          uniq_menkaure, uniq_pikel
D:7:      layout_loops_cross, gammafunk_ghost_nasty_kobolds
D:8:      layout_cave_pools, slow_altar_2, mainiacjoe_overflow_boulevard,
          mainiacjoe_overflow_catwalk_spiral, erik_lair_orcish_takeover,
          uniq_jeremiah, uniq_maggie
D:9:      layout_loops_ring, nicolae_water_bricks, chequers_decorated_corner,
          nicolae_transporter_intersection
D:10:     layout_loops_corners, ebering_ghost_inner_flame,
          chequers_hall_statues_corner_a, uniq_erica, uniq_fannar
Temple:   bh_familiar_temple
Lair:1:   layout_regular_city

Skill      XL: |  1  2  3  4  5  6  7  8  9 10 |
---------------+-------------------------------+-----
Axes           | 3 4 5 6 7 9 12 14 | 14.0
Fighting       | 4 5 6 7 9 10 | 10.0
Armour         | 4 5 6 9 |  9.1
Shields        | 4 5 6 |  6.0

Action                     |  1- 3 |  4- 6 |  7- 9 | 10-12 || total
---------------------------+-------+-------+-------+-------++-------
  Melee: War axe           |    82 |   156 |   337 |   198 ||   773
 Invoke: Convert to Beogh  |       |     1 |       |       ||     1
    Use: Potion            |       |     1 |     2 |     1 ||     4
         Scroll            |       |       |     5 |     1 ||     6
   Stab: Distracted        |       |       |       |     2 ||     2
 Armour: Scale mail        |    55 |   109 |   207 |       ||   371
         Skin              |       |       |    38 |       ||    38
         Leather armour    |       |       |    51 |   143 ||   194
  Dodge: Dodged            |    52 |    79 |   164 |    59 ||   354
  Block: Buckler           |    15 |    38 |    81 |     5 ||   139
         Kite shield       |       |       |       |    66 ||    66
